Bruins vs Coyotes
Created - 5 avril 2014 at 08:19
Goals
|
| Bruins |
1 |
1 |
0 |
2 |
| Coyotes |
0 |
2 |
1 |
3 |
|
Shots
|
| Bruins |
4 |
11 |
18 |
33 |
| Coyotes |
15 |
11 |
11 |
37 |
|
1st period
1. Bruins , Eric Lindros 44 (Michal Grosek, Zdeno Chara) at 9:50
Penalties :
No Penalty
2nd period
2. Coyotes , Brenden Morrow 26 (Kurt Sauer, Chris Stewart) at 7:24
3. Bruins , Scott Hartnell 26 (Vitali Yachmenev) at 14:41
4. Coyotes , Tim Connolly 33 (Chris Stewart, Brenden Morrow) at 18:58 (PP)
Penalties :
Richard Lintner (Bos) for Holding Stick (Minor) at 12:25, Éric Perrin (Bos) for Holding (Minor) at 18:18
3rd period
5. Coyotes , Brenden Morrow 27 (Tim Connolly, Chris Stewart) at 13:39
Penalties :
Martin Erat (Bos) for Tripping (Minor) at 5:19, Jesse Winchester (Pho) for Slashing (Minor) at 16:36
Goalie Stats
Dan Cloutier (Bos), 34 saves from 37 shots - (0,919), L, 8-6-1, 59:20 minutes
Ryan Miller (Pho), 31 saves from 33 shots - (0,939), W, 31-29-6, 60:00 minutes
Players Stats for Bruins
Player Name G A P +/- PIM S H SB GA TA FO MP PP MP PK MP
------------------------------------------------------------------------------------
Andrew Alberts 0 0 0 0 0 1 1 1 1 0 0/0 22:23 0:29 1:50
Christoph Schubert 0 0 0 -1 0 0 1 0 0 0 0/0 14:06 0:07 0:00
Daniel Briere 0 0 0 1 0 3 1 0 0 1 2/2 19:33 1:11 0:51
Dave Bolland 0 0 0 -2 0 0 0 0 0 1 5/9 12:37 0:00 0:11
Eric Lindros 1 0 1 1 0 2 4 0 1 0 13/25 20:57 1:11 2:53
Éric Perrin 0 0 0 0 2 3 1 0 0 0 1/2 10:19 0:00 0:46
Jeff Carter 0 0 0 1 0 4 2 0 0 1 3/12 14:19 0:41 0:00
Mark Stuart 0 0 0 0 0 1 1 0 0 1 0/0 19:38 0:00 2:48
Martin Erat 0 0 0 0 2 3 1 0 0 0 0/0 11:29 0:07 0:00
Matt Cooke 0 0 0 -2 0 1 0 0 0 0 0/0 13:09 0:00 0:43
Michal Grosek 0 1 1 0 0 1 0 1 0 0 0/0 9:34 0:00 0:00
Richard Lintner 0 0 0 -1 2 0 2 1 0 0 0/0 15:12 1:30 1:07
Ryan O'Byrne 0 0 0 1 0 2 1 1 0 0 0/0 23:52 1:30 2:48
Scott Hartnell 1 0 1 1 0 4 1 1 0 0 2/2 15:48 0:41 0:51
Victor Oreskovich 0 0 0 -2 0 0 2 2 0 0 0/0 11:49 0:07 0:00
Vitali Yachmenev 0 1 1 1 0 2 1 1 0 0 2/3 14:19 0:41 0:00
Wojtek Wolski 0 0 0 1 0 4 2 1 0 0 2/4 21:05 1:11 3:01
Zdeno Chara 0 1 1 1 0 2 1 1 0 0 0/0 25:10 0:29 0:43
Players Stats for Coyotes
Player Name G A P +/- PIM S H SB GA TA FO MP PP MP PK MP
------------------------------------------------------------------------------------
Anton Stralman 0 0 0 0 0 0 0 0 0 0 0/0 14:21 2:08 0:00
Bill Guerin 0 0 0 0 0 1 1 0 0 0 0/0 12:03 1:45 0:00
Brenden Morrow 2 1 3 2 0 7 6 2 1 1 0/0 22:08 2:51 0:32
Chad Larose 0 0 0 0 0 2 3 1 1 1 0/2 17:53 0:02 1:04
Chris Stewart 0 3 3 2 0 2 3 0 0 0 0/0 21:21 2:51 0:00
Craig Adams 0 0 0 -2 0 2 0 0 1 0 0/0 8:20 0:02 0:32
Denis Grebeshkov 0 0 0 2 0 2 0 2 0 0 0/0 27:29 2:30 1:22
Drew Miller 0 0 0 0 0 3 1 0 0 0 0/0 19:10 1:45 1:05
Jesse Winchester 0 0 0 0 2 0 0 1 0 0 2/4 10:46 0:00 0:00
Jiri Fischer 0 0 0 -2 0 3 0 1 0 0 0/0 18:10 0:00 0:37
Joël Perrault 0 0 0 -2 0 1 1 0 0 0 2/6 8:11 0:00 0:23
Kurt Sauer 0 1 1 2 0 3 3 2 0 0 0/0 27:27 2:08 1:22
Lukas Krajicek 0 0 0 0 0 1 0 1 0 0 0/0 13:19 0:00 0:37
Maxim Lapierre 0 0 0 0 0 2 2 1 1 0 8/16 17:06 1:37 0:22
Riley Cote 0 0 0 -2 0 0 0 1 0 0 0/0 7:33 0:00 0:00
Sami Lepisto 0 0 0 -2 0 2 0 1 0 0 0/0 19:14 2:30 0:00
Sergei Samsonov 0 0 0 0 0 0 2 0 0 0 0/0 10:59 0:10 0:00
Tim Connolly 1 1 2 2 0 6 1 0 0 0 17/31 22:30 2:51 0:00
3 Stars
1 - Brenden Morrow (Pho)
2 - Chris Stewart (Pho)
3 - Tim Connolly (Pho)
Power Play
Bruins - 0 on 1 Attempt(s) - 0,00%
Coyotes - 1 on 3 Attempt(s) - 33,33%
Penalty Kill
Bruins - 2 on 3 Attempt(s) - 66,67%
- Score 0 goal in Penalty Kill
Coyotes - 1 on 1 Attempt(s) - 100,00%
- Score 0 goal in Penalty Kill
Official
Referees : Lee Chris and Ciamaga Chris
Linesman : Darren Gibbs and Brad Lazarowich
Game Notes
No Game Note
Finance
Level 1 -- Attendance: 4456 (74,27%) -- Ticket Income 423 320 $
Level 2 -- Attendance: 3504 (70,08%) -- Ticket Income 199 728 $
Level 3 -- Attendance: 1506 (75,30%) -- Ticket Income 48 192 $
Level 4 -- Attendance: 4000 (100,00%) -- Ticket Income 72 000 $
Luxury Box -- Attendance: 695 (69,50%) -- Ticket Income 132 050 $
Game was played at the The Pack Center
Total Attendance: 14161 (78,67%)
Total Ticket Income: 875 290 $
Other Income: 131 294 $
Total Income: 1 006 584 $
Bruins
5 vs 5 Forward
Center Left Wing Right Wing Time % Phy DF OF
1 Eric Lindros Wojtek Wolski Daniel Briere 40 0 2 3
2 Jeff Carter Scott Hartnell Vitali Yachmenev 30 1 2 2
3 Dave Bolland Matt Cooke Victor Oreskovich 20 1 2 2
4 Éric Perrin Michal Grosek Martin Erat 10 1 2 2
5 vs 5 Defense
Defense Defense Time % Phy DF OF
1 Andrew Alberts Zdeno Chara 40 1 2 2
2 Mark Stuart Ryan O'Byrne 30 1 2 2
3 Christoph Schubert Richard Lintner 20 1 2 2
4 Ryan O'Byrne Zdeno Chara 10 1 2 2
PowerPlay Forward
Center Left Wing Right Wing Time % Phy DF OF
1 Eric Lindros Wojtek Wolski Daniel Briere 60 1 2 2
2 Jeff Carter Scott Hartnell Vitali Yachmenev 40 1 2 2
PowerPlay Defense
Defense Defense Time % Phy DF OF
1 Andrew Alberts Zdeno Chara 60 1 2 2
2 Ryan O'Byrne Richard Lintner 40 1 2 2
Penalty Kill 4 Players Forward
Center Wing Time % Phy DF OF
1 Eric Lindros Wojtek Wolski 60 1 2 2
2 Daniel Briere Scott Hartnell 40 1 2 2
Penalty Kill 4 Players Defense
Defense Defense Time % Phy DF OF
1 Mark Stuart Ryan O'Byrne 60 1 2 2
2 Andrew Alberts Richard Lintner 40 1 2 2
Penalty Kill - 3 Players Forward
Forward Time % Phy DF OF
1 Eric Lindros 60 1 2 2
2 Wojtek Wolski 40 1 2 2
Penalty Kill - 3 Players Defense
Defense Defense Time % Phy DF OF
1 Mark Stuart Ryan O'Byrne 60 1 2 2
2 Andrew Alberts Richard Lintner 40 1 2 2
4 vs 4 Forward
Center Wing Time % Phy DF OF
1 Eric Lindros Wojtek Wolski 60 1 2 2
2 Daniel Briere Scott Hartnell 40 1 2 2
4 vs 4 Defense
Defense Defense Time % Phy DF OF
1 Andrew Alberts Zdeno Chara 60 1 2 2
2 Mark Stuart Ryan O'Byrne 40 1 2 2
Last Minutes Offensive
Center Left Wing Right Wing Defense Defense
Eric Lindros Wojtek Wolski Daniel Briere Andrew Alberts Zdeno Chara
Last Minutes Defensive
Center Left Wing Right Wing Defense Defense
Eric Lindros Wojtek Wolski Daniel Briere Richard Lintner Ryan O'Byrne
Goaltenders
Starting : Dan Cloutier
Backup : Evgeni Nabokov
Extra Forwards
Normal : Victor Oreskovich, Martin Erat, Jeff Carter - PP : Victor Oreskovich, Martin Erat - PK : Éric Perrin
Extra Defensemen
Normal : Christoph Schubert, Zdeno Chara, Andrew Alberts - PP : Christoph Schubert - PK : Zdeno Chara, Mark Stuart
Penalty Shots
Eric Lindros, Wojtek Wolski, Daniel Briere, Jeff Carter, Scott Hartnell
Coyotes
5 vs 5 Forward
Center Left Wing Right Wing Time % Phy DF OF
1 Tim Connolly Brenden Morrow Chris Stewart 45 1 2 2
2 Maxim Lapierre Drew Miller Chad Larose 38 1 2 2
3 Jesse Winchester Sergei Samsonov Bill Guerin 15 1 2 2
4 Joël Perrault Riley Cote Craig Adams 2 1 2 2
5 vs 5 Defense
Defense Defense Time % Phy DF OF
1 Denis Grebeshkov Kurt Sauer 40 1 2 2
2 Sami Lepisto Jiri Fischer 30 1 2 2
3 Lukas Krajicek Anton Stralman 20 1 2 2
4 Denis Grebeshkov Kurt Sauer 10 1 2 2
PowerPlay Forward
Center Left Wing Right Wing Time % Phy DF OF
1 Tim Connolly Brenden Morrow Chris Stewart 60 1 2 2
2 Maxim Lapierre Drew Miller Bill Guerin 40 1 2 2
PowerPlay Defense
Defense Defense Time % Phy DF OF
1 Denis Grebeshkov Sami Lepisto 60 1 2 2
2 Anton Stralman Kurt Sauer 40 1 2 2
Penalty Kill 4 Players Forward
Center Wing Time % Phy DF OF
1 Chad Larose Drew Miller 60 1 2 2
2 Maxim Lapierre Craig Adams 40 1 2 2
Penalty Kill 4 Players Defense
Defense Defense Time % Phy DF OF
1 Denis Grebeshkov Kurt Sauer 60 1 2 2
2 Lukas Krajicek Jiri Fischer 40 1 2 2
Penalty Kill - 3 Players Forward
Forward Time % Phy DF OF
1 Chad Larose 60 1 2 2
2 Drew Miller 40 1 2 2
Penalty Kill - 3 Players Defense
Defense Defense Time % Phy DF OF
1 Denis Grebeshkov Kurt Sauer 60 1 2 2
2 Lukas Krajicek Jiri Fischer 40 1 2 2
4 vs 4 Forward
Center Wing Time % Phy DF OF
1 Tim Connolly Brenden Morrow 60 1 2 2
2 Maxim Lapierre Drew Miller 40 1 2 2
4 vs 4 Defense
Defense Defense Time % Phy DF OF
1 Denis Grebeshkov Kurt Sauer 60 1 2 2
2 Sami Lepisto Jiri Fischer 40 1 2 2
Last Minutes Offensive
Center Left Wing Right Wing Defense Defense
Tim Connolly Brenden Morrow Chris Stewart Denis Grebeshkov Sami Lepisto
Last Minutes Defensive
Center Left Wing Right Wing Defense Defense
Tim Connolly Drew Miller Chad Larose Denis Grebeshkov Kurt Sauer
Goaltenders
Starting : Ryan Miller
Backup : Al Montoya
Extra Forwards
Normal : Sergei Samsonov, Chad Larose, Craig Adams - PP : Sergei Samsonov, Chad Larose - PK : Craig Adams
Extra Defensemen
Normal : Lukas Krajicek, Sami Lepisto, Anton Stralman - PP : Lukas Krajicek - PK : Sami Lepisto, Anton Stralman
Penalty Shots
Bill Guerin, Brenden Morrow, Sergei Samsonov, Tim Connolly, Drew Miller
% Time on Ice - Bruins
Lines # - Real PCT - Wanted PCT - Time Play
Normal Forward
1 - 32% - 40% - 16:53
2 - 28% - 30% - 14:30
3 - 22% - 20% - 11:16
4 - 18% - 10% - 9:34
Normal Defense
1 - 40% - 40% - 21:01
2 - 30% - 30% - 15:53
3 - 24% - 20% - 12:35
4 - 5% - 10% - 2:44
PP Forward
1 - 60% - 60% - 1:11
2 - 40% - 40% - 0:48
PP Defense
1 - 24% - 60% - 0:29
2 - 76% - 40% - 1:30
PK Forward
1 - 82% - 60% - 3:47
2 - 18% - 40% - 0:51
PK Defense
1 - 60% - 60% - 2:48
2 - 40% - 40% - 1:50
PK3 Forward
1 - 0% - 60%
2 - 0% - 40%
PK3 Defense
1 - 0% - 60%
2 - 0% - 40%
44 Forward
1 - 0% - 60%
2 - 0% - 40%
44 Defense
1 - 0% - 60%
2 - 0% - 40%
Last Minute Offensive - 1:10
Last Minute Defensive - 0:00
Total
Forward - 60:00
Defense - 60:00
|
% Time on Ice - Coyotes
Lines # - Real PCT - Wanted PCT - Time Play
Normal Forward
1 - 36% - 45% - 18:58
2 - 29% - 38% - 15:11
3 - 20% - 15% - 10:32
4 - 14% - 2% - 7:33
Normal Defense
1 - 37% - 40% - 19:23
2 - 34% - 30% - 17:39
3 - 23% - 20% - 11:53
4 - 6% - 10% - 3:19
PP Forward
1 - 62% - 60% - 2:53
2 - 38% - 40% - 1:45
PP Defense
1 - 54% - 60% - 2:30
2 - 46% - 40% - 2:08
PK Forward
1 - 82% - 60% - 1:37
2 - 18% - 40% - 0:22
PK Defense
1 - 69% - 60% - 1:22
2 - 31% - 40% - 0:37
PK3 Forward
1 - 0% - 60%
2 - 0% - 40%
PK3 Defense
1 - 0% - 60%
2 - 0% - 40%
44 Forward
1 - 0% - 60%
2 - 0% - 40%
44 Defense
1 - 0% - 60%
2 - 0% - 40%
Last Minute Offensive - 0:00
Last Minute Defensive - 1:09
Total
Forward - 60:00
Defense - 60:00
|
Play by Play
1st period
0:01 of 1st period - Tim Connolly wins face-off versus Wojtek Wolski in neutral zone.
0:12 of 1st period - Brenden Morrow is hit by Eric Lindros and loses puck.
0:25 of 1st period - Scott Hartnell is hit by Drew Miller and loses puck.
0:44 of 1st period - Wrist shot by Martin Erat.
0:44 of 1st period - Stopped by Ryan Miller with a rebound.
0:46 of 1st period - Slapshot by Ryan O'Byrne.
0:46 of 1st period - Deflect By Éric Perrin.
0:46 of 1st period - Shot Blocked by Jesse Winchester.
0:46 of 1st period - Puck is out of play.
0:47 of 1st period - Jesse Winchester wins face-off versus Éric Perrin in Coyotes zone.
1:47 of 1st period - Off-side.
1:48 of 1st period - Jeff Carter wins face-off versus Joël Perrault in neutral zone.
2:24 of 1st period - Wrist shot by Tim Connolly.
2:24 of 1st period - Stopped by Dan Cloutier without a rebound.
2:25 of 1st period - Dave Bolland wins face-off versus Maxim Lapierre in Bruins zone.
2:51 of 1st period - Denis Grebeshkov is hit by Jeff Carter and loses puck.
3:00 of 1st period - Wrist shot by Tim Connolly.
3:00 of 1st period - Deflect By Chris Stewart.
3:00 of 1st period - Stopped by Dan Cloutier with a rebound.
3:02 of 1st period - Wrist shot by Brenden Morrow.
3:02 of 1st period - Deflect By Tim Connolly.
3:02 of 1st period - Stopped by Dan Cloutier with a rebound.
3:46 of 1st period - Snap shot by Joël Perrault.
3:46 of 1st period - Stopped by Dan Cloutier without a rebound.
3:47 of 1st period - Eric Lindros wins face-off versus Maxim Lapierre in Bruins zone.
4:02 of 1st period - Snap shot by Chad Larose.
4:02 of 1st period - Stopped by Dan Cloutier without a rebound.
4:03 of 1st period - Jeff Carter wins face-off versus Tim Connolly in Bruins zone.
4:29 of 1st period - Drew Miller is hit by Zdeno Chara and loses puck.
4:38 of 1st period - Snap shot by Wojtek Wolski.
4:38 of 1st period - Shot Misses the Net.
4:55 of 1st period - Jesse Winchester is hit by Christoph Schubert and loses puck.
5:34 of 1st period - Wrist shot by Chris Stewart.
5:34 of 1st period - Deflect By Tim Connolly.
5:34 of 1st period - Shot Misses the Net.
5:34 of 1st period - Puck is out of play.
5:35 of 1st period - Tim Connolly wins face-off versus Jeff Carter in Bruins zone.
5:36 of 1st period - Snap shot by Brenden Morrow.
5:36 of 1st period - Deflect By Chris Stewart.
5:36 of 1st period - Shot Blocked by Andrew Alberts.
5:36 of 1st period - Puck is out of play.
5:37 of 1st period - Eric Lindros wins face-off versus Tim Connolly in Bruins zone.
5:37 of 1st period - Eric Lindros is hit by Brenden Morrow.
5:43 of 1st period - Jiri Fischer is hit by Wojtek Wolski and loses puck.
5:52 of 1st period - Snap shot by Eric Lindros.
5:52 of 1st period - Shot Misses the Net.
6:44 of 1st period - Slapshot by Tim Connolly.
6:44 of 1st period - Shot Hit the Post.
7:18 of 1st period - Off-side.
7:19 of 1st period - Maxim Lapierre wins face-off versus Jeff Carter in neutral zone.
7:36 of 1st period - Jiri Fischer is hit by Scott Hartnell and loses puck.
8:15 of 1st period - Icing by Mark Stuart.
8:16 of 1st period - Dave Bolland wins face-off versus Joël Perrault in Bruins zone.
8:23 of 1st period - Slapshot by Denis Grebeshkov.
8:23 of 1st period - Stopped by Dan Cloutier without a rebound.
8:24 of 1st period - Eric Lindros wins face-off versus Tim Connolly in Bruins zone.
8:24 of 1st period - Eric Lindros is hit by Chris Stewart.
8:50 of 1st period - Christoph Schubert is hit by Kurt Sauer and loses puck.
9:50 of 1st period - Slapshot by Eric Lindros.
9:50 of 1st period - Goal by Eric Lindros - Bruins : 1 - Coyotes : 0.
9:51 of 1st period - Daniel Briere wins face-off versus Tim Connolly in neutral zone.
10:07 of 1st period - Icing by Daniel Briere.
10:08 of 1st period - Maxim Lapierre wins face-off versus Eric Lindros in Bruins zone.
11:17 of 1st period - Off-side.
11:18 of 1st period - Éric Perrin wins face-off versus Maxim Lapierre in neutral zone.
11:43 of 1st period - Snap shot by Bill Guerin.
11:43 of 1st period - Shot Misses the Net.
11:53 of 1st period - Michal Grosek is hit by Sergei Samsonov.
12:00 of 1st period - Icing by Chris Stewart.
12:01 of 1st period - Tim Connolly wins face-off versus Eric Lindros in Coyotes zone.
12:32 of 1st period - Wrist shot by Drew Miller.
12:32 of 1st period - Shot Blocked by Ryan O'Byrne.
12:34 of 1st period - Slapshot by Lukas Krajicek.
12:34 of 1st period - Stopped by Dan Cloutier without a rebound.
12:35 of 1st period - Wojtek Wolski wins face-off versus Maxim Lapierre in Bruins zone.
12:48 of 1st period - Snap shot by Drew Miller.
12:48 of 1st period - Stopped by Dan Cloutier with a rebound.
12:50 of 1st period - Slapshot by Kurt Sauer.
12:50 of 1st period - Stopped by Dan Cloutier with a rebound.
13:09 of 1st period - Richard Lintner is hit by Bill Guerin and loses puck.
13:30 of 1st period - Snap shot by Tim Connolly.
13:30 of 1st period - Stopped by Dan Cloutier with a rebound.
13:45 of 1st period - Snap shot by Craig Adams.
13:45 of 1st period - Stopped by Dan Cloutier with a rebound.
13:47 of 1st period - Slapshot by Jiri Fischer.
13:47 of 1st period - Stopped by Dan Cloutier without a rebound.
13:48 of 1st period - Dave Bolland wins face-off versus Tim Connolly in Bruins zone.
15:03 of 1st period - Slapshot by Sami Lepisto.
15:03 of 1st period - Shot Misses the Net.
15:05 of 1st period - Wrist shot by Craig Adams.
15:05 of 1st period - Stopped by Dan Cloutier with a rebound.
15:17 of 1st period - Snap shot by Scott Hartnell.
15:17 of 1st period - Stopped by Ryan Miller without a rebound.
15:18 of 1st period - Scott Hartnell wins face-off versus Tim Connolly in Coyotes zone.
15:25 of 1st period - Slapshot by Vitali Yachmenev.
15:25 of 1st period - Stopped by Ryan Miller with a rebound.
15:27 of 1st period - Slapshot by Richard Lintner.
15:27 of 1st period - Shot Misses the Net.
15:50 of 1st period - Wrist shot by Drew Miller.
15:50 of 1st period - Stopped by Dan Cloutier without a rebound.
15:51 of 1st period - Maxim Lapierre wins face-off versus Eric Lindros in Bruins zone.
16:18 of 1st period - Andrew Alberts is hit by Brenden Morrow and loses puck.
16:25 of 1st period - Snap shot by Brenden Morrow.
16:25 of 1st period - Shot Blocked by Scott Hartnell.
16:27 of 1st period - Slapshot by Jiri Fischer.
16:27 of 1st period - Stopped by Dan Cloutier with a rebound.
17:16 of 1st period - Icing by Mark Stuart.
17:17 of 1st period - Eric Lindros wins face-off versus Tim Connolly in Bruins zone.
17:30 of 1st period - Snap shot by Eric Lindros.
17:30 of 1st period - Shot Misses the Net.
17:32 of 1st period - Slapshot by Mark Stuart.
17:32 of 1st period - Shot Blocked by Brenden Morrow.
17:47 of 1st period - Off-side.
17:48 of 1st period - Maxim Lapierre wins face-off versus Vitali Yachmenev in neutral zone.
19:15 of 1st period - Slapshot by Drew Miller.
19:15 of 1st period - Shot Blocked by Vitali Yachmenev.
Goals for this period are 1 for Bruins vs 0 for Coyotes.
Shots for this period are 4 for Bruins vs 15 for Coyotes.
2nd period
0:01 of 2nd period - Tim Connolly wins face-off versus Eric Lindros in neutral zone.
0:10 of 2nd period - Wrist shot by Brenden Morrow.
0:10 of 2nd period - Shot Blocked by Wojtek Wolski.
0:26 of 2nd period - Maxim Lapierre is hit by Jeff Carter.
0:30 of 2nd period - Snap shot by Jeff Carter.
0:30 of 2nd period - Stopped by Ryan Miller without a rebound.
0:31 of 2nd period - Maxim Lapierre wins face-off versus Jeff Carter in Coyotes zone.
0:31 of 2nd period - Maxim Lapierre is hit by Richard Lintner.
1:09 of 2nd period - Slapshot by Eric Lindros.
1:09 of 2nd period - Shot Misses the Net.
1:29 of 2nd period - Sergei Samsonov is hit by Victor Oreskovich and loses puck.
2:09 of 2nd period - Snap shot by Jeff Carter.
2:09 of 2nd period - Shot Misses the Net.
2:27 of 2nd period - Slapshot by Daniel Briere.
2:27 of 2nd period - Shot Misses the Net.
2:29 of 2nd period - Slapshot by Zdeno Chara.
2:29 of 2nd period - Shot Blocked by Brenden Morrow.
3:29 of 2nd period - Snap shot by Drew Miller.
3:29 of 2nd period - Shot Misses the Net.
3:41 of 2nd period - Drew Miller is hit by Éric Perrin and loses puck.
3:59 of 2nd period - Wrist shot by Tim Connolly.
3:59 of 2nd period - Stopped by Dan Cloutier with a rebound.
4:01 of 2nd period - Snap shot by Brenden Morrow.
4:01 of 2nd period - Shot Blocked by Michal Grosek.
4:33 of 2nd period - Backhand shot by Michal Grosek.
4:33 of 2nd period - Stopped by Ryan Miller with a rebound.
4:41 of 2nd period - Snap shot by Martin Erat.
4:41 of 2nd period - Deflect By Éric Perrin.
4:41 of 2nd period - Stopped by Ryan Miller with a rebound.
4:43 of 2nd period - Wrist shot by Éric Perrin.
4:43 of 2nd period - Stopped by Ryan Miller with a rebound.
4:57 of 2nd period - Wrist shot by Martin Erat.
4:57 of 2nd period - Stopped by Ryan Miller with a rebound.
5:01 of 2nd period - Snap shot by Martin Erat.
5:01 of 2nd period - Stopped by Ryan Miller without a rebound.
5:02 of 2nd period - Eric Lindros wins face-off versus Tim Connolly in Coyotes zone.
5:17 of 2nd period - Snap shot by Brenden Morrow.
5:17 of 2nd period - Shot Blocked by Zdeno Chara.
5:34 of 2nd period - Vitali Yachmenev is hit by Chad Larose and loses puck.
5:49 of 2nd period - Victor Oreskovich is hit by Sergei Samsonov.
6:09 of 2nd period - Richard Lintner is hit by Brenden Morrow and loses puck.
6:18 of 2nd period - Matt Cooke is hit by Tim Connolly.
6:28 of 2nd period - Tim Connolly is hit by Victor Oreskovich and loses puck.
6:41 of 2nd period - Snap shot by Victor Oreskovich.
6:41 of 2nd period - Shot Misses the Net.
7:10 of 2nd period - Snap shot by Brenden Morrow.
7:10 of 2nd period - Stopped by Dan Cloutier with a rebound.
7:12 of 2nd period - Slapshot by Tim Connolly.
7:12 of 2nd period - Shot Misses the Net.
7:14 of 2nd period - Slapshot by Chris Stewart.
7:14 of 2nd period - Stopped by Dan Cloutier with a rebound.
7:16 of 2nd period - Snap shot by Denis Grebeshkov.
7:16 of 2nd period - Shot Blocked by Victor Oreskovich.
7:18 of 2nd period - Slapshot by Chris Stewart.
7:18 of 2nd period - Shot Misses the Net.
7:20 of 2nd period - Slapshot by Kurt Sauer.
7:20 of 2nd period - Shot Blocked by Richard Lintner.
7:22 of 2nd period - Slapshot by Kurt Sauer.
7:22 of 2nd period - Stopped by Dan Cloutier with a rebound.
7:24 of 2nd period - Wrist shot by Brenden Morrow.
7:24 of 2nd period - Goal by Brenden Morrow - Bruins : 1 - Coyotes : 1.
7:25 of 2nd period - Eric Lindros wins face-off versus Maxim Lapierre in neutral zone.
7:38 of 2nd period - Snap shot by Maxim Lapierre.
7:38 of 2nd period - Stopped by Dan Cloutier with a rebound.
7:40 of 2nd period - Snap shot by Lukas Krajicek.
7:40 of 2nd period - Shot Misses the Net.
9:55 of 2nd period - Jeff Carter is hit by Kurt Sauer and loses puck.
10:15 of 2nd period - Off-side.
10:16 of 2nd period - Tim Connolly wins face-off versus Dave Bolland in neutral zone.
10:19 of 2nd period - Matt Cooke is hit by Brenden Morrow and loses puck.
10:41 of 2nd period - Wojtek Wolski is hit by Maxim Lapierre and loses puck.
11:08 of 2nd period - Snap shot by Bill Guerin.
11:08 of 2nd period - Shot Misses the Net.
12:25 of 2nd period - Minor Penalty to Richard Lintner for Holding Stick.
12:26 of 2nd period - Tim Connolly wins face-off versus Eric Lindros in Bruins zone.
13:08 of 2nd period - Wrist shot by Tim Connolly.
13:08 of 2nd period - Shot Misses the Net.
13:10 of 2nd period - Snap shot by Brenden Morrow.
13:10 of 2nd period - Stopped by Dan Cloutier without a rebound.
13:11 of 2nd period - Eric Lindros wins face-off versus Maxim Lapierre in Bruins zone.
13:11 of 2nd period - Eric Lindros is hit by Kurt Sauer.
13:19 of 2nd period - Bill Guerin is hit by Eric Lindros and loses puck.
14:25 of 2nd period - Penalty to Richard Lintner is over, Richard Lintner is back on ice.
14:37 of 2nd period - Snap shot by Scott Hartnell.
14:37 of 2nd period - Stopped by Ryan Miller without a rebound.
14:38 of 2nd period - Scott Hartnell wins face-off versus Joël Perrault in Coyotes zone.
14:39 of 2nd period - Snap shot by Jeff Carter.
14:39 of 2nd period - Stopped by Ryan Miller without a rebound.
14:40 of 2nd period - Vitali Yachmenev wins face-off versus Joël Perrault in Coyotes zone.
14:41 of 2nd period - Snap shot by Scott Hartnell.
14:41 of 2nd period - Goal by Scott Hartnell - Bruins : 2 - Coyotes : 1.
14:42 of 2nd period - Tim Connolly wins face-off versus Eric Lindros in neutral zone.
14:51 of 2nd period - Kurt Sauer is hit by Wojtek Wolski and loses puck.
15:15 of 2nd period - Wrist shot by Chad Larose.
15:15 of 2nd period - Stopped by Dan Cloutier with a rebound.
15:17 of 2nd period - Slapshot by Maxim Lapierre.
15:17 of 2nd period - Stopped by Dan Cloutier with a rebound.
15:19 of 2nd period - Slapshot by Jiri Fischer.
15:19 of 2nd period - Shot Misses the Net.
15:51 of 2nd period - Wrist shot by Martin Erat.
15:51 of 2nd period - Shot Misses the Net.
15:53 of 2nd period - Slapshot by Michal Grosek.
15:53 of 2nd period - Shot Misses the Net.
15:55 of 2nd period - Slapshot by Ryan O'Byrne.
15:55 of 2nd period - Shot Blocked by Lukas Krajicek.
15:57 of 2nd period - Slapshot by Ryan O'Byrne.
15:57 of 2nd period - Stopped by Ryan Miller without a rebound.
15:58 of 2nd period - Tim Connolly wins face-off versus Wojtek Wolski in Coyotes zone.
16:04 of 2nd period - Off-side.
16:05 of 2nd period - Eric Lindros wins face-off versus Tim Connolly in neutral zone.
17:01 of 2nd period - Slapshot by Jeff Carter.
17:01 of 2nd period - Shot Blocked by Jiri Fischer.
17:03 of 2nd period - Wrist shot by Vitali Yachmenev.
17:03 of 2nd period - Shot Blocked by Chad Larose.
17:05 of 2nd period - Wrist shot by Jeff Carter.
17:05 of 2nd period - Shot Blocked by Maxim Lapierre.
17:07 of 2nd period - Slapshot by Vitali Yachmenev.
17:07 of 2nd period - Deflect By Sami Lepisto.
17:07 of 2nd period - Stopped by Ryan Miller without a rebound.
17:08 of 2nd period - Tim Connolly wins face-off versus Jeff Carter in Coyotes zone.
17:08 of 2nd period - Tim Connolly is hit by Vitali Yachmenev.
17:16 of 2nd period - Slapshot by Jeff Carter.
17:16 of 2nd period - Shot Misses the Net.
18:18 of 2nd period - Minor Penalty to Éric Perrin for Holding.
18:19 of 2nd period - Tim Connolly wins face-off versus Eric Lindros in Bruins zone.
18:54 of 2nd period - Snap shot by Tim Connolly.
18:54 of 2nd period - Stopped by Dan Cloutier with a rebound.
18:56 of 2nd period - Snap shot by Chris Stewart.
18:56 of 2nd period - Shot Misses the Net.
18:58 of 2nd period - Slapshot by Tim Connolly.
18:58 of 2nd period - Goal by Tim Connolly - Bruins : 2 - Coyotes : 2.
18:59 of 2nd period - Maxim Lapierre wins face-off versus Jeff Carter in neutral zone.
19:24 of 2nd period - Chris Stewart is hit by Eric Lindros and loses puck.
19:37 of 2nd period - Slapshot by Wojtek Wolski.
19:37 of 2nd period - Shot Blocked by Kurt Sauer.
19:44 of 2nd period - Icing by Denis Grebeshkov.
19:45 of 2nd period - Dave Bolland wins face-off versus Tim Connolly in Coyotes zone.
Goals for this period are 1 for Bruins vs 2 for Coyotes.
Shots for this period are 11 for Bruins vs 11 for Coyotes.
3rd period
0:01 of 3rd period - Tim Connolly wins face-off versus Eric Lindros in neutral zone.
0:04 of 3rd period - Zdeno Chara is hit by Chris Stewart and loses puck.
0:32 of 3rd period - Snap shot by Scott Hartnell.
0:32 of 3rd period - Stopped by Ryan Miller without a rebound.
0:33 of 3rd period - Vitali Yachmenev wins face-off versus Tim Connolly in Coyotes zone.
0:36 of 3rd period - Wrist shot by Jeff Carter.
0:36 of 3rd period - Shot Misses the Net.
1:17 of 3rd period - Slapshot by Wojtek Wolski.
1:17 of 3rd period - Stopped by Ryan Miller without a rebound.
1:18 of 3rd period - Jesse Winchester wins face-off versus Dave Bolland in Coyotes zone.
1:43 of 3rd period - Tim Connolly is hit by Eric Lindros.
2:05 of 3rd period - Wrist shot by Jeff Carter.
2:05 of 3rd period - Stopped by Ryan Miller with a rebound.
2:07 of 3rd period - Slapshot by Andrew Alberts.
2:07 of 3rd period - Shot Blocked by Kurt Sauer.
2:09 of 3rd period - Slapshot by Zdeno Chara.
2:09 of 3rd period - Shot Blocked by Denis Grebeshkov.
2:13 of 3rd period - Slapshot by Jeff Carter.
2:13 of 3rd period - Stopped by Ryan Miller without a rebound.
2:14 of 3rd period - Eric Lindros wins face-off versus Tim Connolly in Coyotes zone.
2:21 of 3rd period - Snap shot by Eric Lindros.
2:21 of 3rd period - Stopped by Ryan Miller without a rebound.
2:22 of 3rd period - Tim Connolly wins face-off versus Eric Lindros in Coyotes zone.
2:31 of 3rd period - Snap shot by Wojtek Wolski.
2:31 of 3rd period - Shot Misses the Net.
2:38 of 3rd period - Off-side.
2:39 of 3rd period - Maxim Lapierre wins face-off versus Jeff Carter in neutral zone.
3:13 of 3rd period - Snap shot by Daniel Briere.
3:13 of 3rd period - Stopped by Ryan Miller with a rebound.
3:15 of 3rd period - Slapshot by Zdeno Chara.
3:15 of 3rd period - Stopped by Ryan Miller without a rebound.
3:16 of 3rd period - Maxim Lapierre wins face-off versus Jeff Carter in Coyotes zone.
3:41 of 3rd period - Kurt Sauer is hit by Richard Lintner.
3:54 of 3rd period - Wrist shot by Wojtek Wolski.
3:54 of 3rd period - Stopped by Ryan Miller with a rebound.
4:05 of 3rd period - Wojtek Wolski is hit by Brenden Morrow.
4:15 of 3rd period - Snap shot by Wojtek Wolski.
4:15 of 3rd period - Stopped by Ryan Miller with a rebound.
4:29 of 3rd period - Wrist shot by Brenden Morrow.
4:29 of 3rd period - Stopped by Dan Cloutier without a rebound.
4:30 of 3rd period - Jeff Carter wins face-off versus Maxim Lapierre in Bruins zone.
5:19 of 3rd period - Minor Penalty to Martin Erat for Tripping.
5:20 of 3rd period - Tim Connolly wins face-off versus Eric Lindros in Bruins zone.
6:00 of 3rd period - Snap shot by Daniel Briere.
6:00 of 3rd period - Stopped by Ryan Miller with a rebound.
6:43 of 3rd period - Andrew Alberts is hit by Brenden Morrow and loses puck.
7:19 of 3rd period - Penalty to Martin Erat is over, Martin Erat is back on ice.
8:33 of 3rd period - Denis Grebeshkov is hit by Andrew Alberts and loses puck.
8:57 of 3rd period - Richard Lintner is hit by Joël Perrault and loses puck.
10:31 of 3rd period - Martin Erat is hit by Chad Larose and loses puck.
10:50 of 3rd period - Backhand shot by Éric Perrin.
10:50 of 3rd period - Shot Misses the Net.
10:52 of 3rd period - Snap shot by Éric Perrin.
10:52 of 3rd period - Stopped by Ryan Miller without a rebound.
10:53 of 3rd period - Tim Connolly wins face-off versus Eric Lindros in Coyotes zone.
11:06 of 3rd period - Eric Lindros is hit by Chris Stewart and loses puck.
11:45 of 3rd period - Snap shot by Dave Bolland.
11:45 of 3rd period - Shot Blocked by Riley Cote.
12:34 of 3rd period - Off-side.
12:35 of 3rd period - Joël Perrault wins face-off versus Jeff Carter in neutral zone.
12:38 of 3rd period - Snap shot by Kurt Sauer.
12:38 of 3rd period - Deflect By Joël Perrault.
12:38 of 3rd period - Shot Misses the Net.
12:38 of 3rd period - Puck is out of play.
12:39 of 3rd period - Joël Perrault wins face-off versus Jeff Carter in Bruins zone.
12:48 of 3rd period - Slapshot by Ryan O'Byrne.
12:48 of 3rd period - Shot Misses the Net.
12:50 of 3rd period - Slapshot by Ryan O'Byrne.
12:50 of 3rd period - Deflect By Denis Grebeshkov.
12:50 of 3rd period - Stopped by Ryan Miller with a rebound.
12:52 of 3rd period - Slapshot by Mark Stuart.
12:52 of 3rd period - Stopped by Ryan Miller without a rebound.
12:53 of 3rd period - Eric Lindros wins face-off versus Tim Connolly in Coyotes zone.
13:39 of 3rd period - Snap shot by Brenden Morrow.
13:39 of 3rd period - Goal by Brenden Morrow - Bruins : 2 - Coyotes : 3.
13:40 of 3rd period - Eric Lindros wins face-off versus Maxim Lapierre in neutral zone.
14:05 of 3rd period - Snap shot by Bill Guerin.
14:05 of 3rd period - Stopped by Dan Cloutier with a rebound.
14:07 of 3rd period - Snap shot by Jesse Winchester.
14:07 of 3rd period - Shot Misses the Net.
14:09 of 3rd period - Slapshot by Kurt Sauer.
14:09 of 3rd period - Stopped by Dan Cloutier with a rebound.
14:25 of 3rd period - Snap shot by Tim Connolly.
14:25 of 3rd period - Shot Blocked by Victor Oreskovich.
14:27 of 3rd period - Slapshot by Jiri Fischer.
14:27 of 3rd period - Stopped by Dan Cloutier with a rebound.
14:29 of 3rd period - Wrist shot by Sami Lepisto.
14:29 of 3rd period - Stopped by Dan Cloutier with a rebound.
14:31 of 3rd period - Slapshot by Sami Lepisto.
14:31 of 3rd period - Stopped by Dan Cloutier with a rebound.
14:33 of 3rd period - Wrist shot by Brenden Morrow.
14:33 of 3rd period - Stopped by Dan Cloutier with a rebound.
14:35 of 3rd period - Snap shot by Chris Stewart.
14:35 of 3rd period - Shot Misses the Net.
14:45 of 3rd period - Drew Miller is hit by Mark Stuart and loses puck.
14:52 of 3rd period - Martin Erat is hit by Maxim Lapierre.
15:14 of 3rd period - Slapshot by Daniel Briere.
15:14 of 3rd period - Shot Blocked by Sami Lepisto.
15:16 of 3rd period - Snap shot by Andrew Alberts.
15:16 of 3rd period - Stopped by Ryan Miller without a rebound.
15:17 of 3rd period - Eric Lindros wins face-off versus Jesse Winchester in Coyotes zone.
15:18 of 3rd period - Snap shot by Wojtek Wolski.
15:18 of 3rd period - Stopped by Ryan Miller without a rebound.
15:19 of 3rd period - Daniel Briere wins face-off versus Jesse Winchester in Coyotes zone.
15:31 of 3rd period - Snap shot by Denis Grebeshkov.
15:31 of 3rd period - Stopped by Dan Cloutier without a rebound.
15:32 of 3rd period - Tim Connolly wins face-off versus Eric Lindros in Bruins zone.
15:33 of 3rd period - Slapshot by Brenden Morrow.
15:33 of 3rd period - Stopped by Dan Cloutier with a rebound.
16:00 of 3rd period - Slapshot by Zdeno Chara.
16:00 of 3rd period - Stopped by Ryan Miller with a rebound.
16:36 of 3rd period - Minor Penalty to Jesse Winchester for Slashing.
16:37 of 3rd period - Eric Lindros wins face-off versus Chad Larose in Coyotes zone.
16:44 of 3rd period - Snap shot by Daniel Briere.
16:44 of 3rd period - Stopped by Ryan Miller without a rebound.
16:45 of 3rd period - Wojtek Wolski wins face-off versus Chad Larose in Coyotes zone.
17:00 of 3rd period - Drew Miller is hit by Daniel Briere and loses puck.
17:17 of 3rd period - Slapshot by Eric Lindros.
17:17 of 3rd period - Shot Blocked by Denis Grebeshkov.
17:51 of 3rd period - Chad Larose is hit by Ryan O'Byrne.
18:36 of 3rd period - Penalty to Jesse Winchester is over, Jesse Winchester is back on ice.
18:45 of 3rd period - Lukas Krajicek is hit by Martin Erat and loses puck.
19:04 of 3rd period - Snap shot by Drew Miller.
19:04 of 3rd period - Stopped by Dan Cloutier without a rebound.
19:05 of 3rd period - Randy Carlyle call a timeout for Bruins.
19:05 of 3rd period - Dave Bolland wins face-off versus Tim Connolly in Bruins zone.
19:05 of 3rd period - Dave Bolland is hit by Chad Larose.
19:20 of 3rd period - Bruins, Dan Cloutier is pulled from the net.
19:32 of 3rd period - Wrist shot by Martin Erat.
19:32 of 3rd period - Deflect By Dave Bolland.
19:32 of 3rd period - Shot Misses the Net.
19:32 of 3rd period - Puck is out of play.
19:33 of 3rd period - Tim Connolly wins face-off versus Dave Bolland in Coyotes zone.
19:52 of 3rd period - Snap shot by Matt Cooke.
19:52 of 3rd period - Stopped by Ryan Miller without a rebound.
19:53 of 3rd period - Tim Connolly wins face-off versus Dave Bolland in Coyotes zone.
Goals for this period are 0 for Bruins vs 1 for Coyotes.
Shots for this period are 18 for Bruins vs 11 for Coyotes.
Output by the SimonT Hockey Simulator (STHS) for François Prévost -- Original Page W3C XHTML 1.0 Valid